 Dungeon Crawl Stone Soup version 0.27.0-1-g7a089689b8 (webtiles) character file.

Game seed: 4805930666951201210

33 RepoMan the Caller (level 3, -1/26 HPs)
             Began as a Demonspawn Wanderer on Aug 9, 2021.
             Succumbed to a kobold's poison
             ... on level 2 of the Dungeon.
             The game lasted 00:15:24 (2324 turns).

RepoMan the Caller (Demonspawn Wanderer)            Turns: 2324, Time: 00:15:24

Health: -1/26      AC:  4    Str: 12    XL:     3   Next: 12%
Magic:  1/5        EV: 11    Int: 15    God:
Gold:   64         SH:  0    Dex: 11    Spells: 2/5 levels left

rFire    . . .     SeeInvis .   d - +0 dagger
rCold    . . .     Faith    .   (no shield)
rNeg     . . .     Spirit   .   b - +0 robe
rPois    .         Reflect  .   (no helmet)
rElec    .         Harm     .   (no cloak)
rCorr    .         Rampage  .   (no gloves)
Will     .....                  (no boots)
Stlth    +.........             (no amulet)
HPRegen  0.08/turn              (no ring)
MPRegen  0.09/turn              (no ring)

@: lethally poisoned (-1 -> -15)
A: slimy green scales 1, foul stench 1
a: no special abilities


You were on level 2 of the Dungeon.
You visited 1 branch of the dungeon, and saw 2 of its levels.

You collected 64 gold pieces.

Inventory:

Hand Weapons
 a - a +0 club
 d - a +0 dagger (weapon)
 g - a +0 mace
Armour
 b - a +0 robe (worn)
Scrolls
 c - a scroll of teleportation {unknown}
 j - 2 scrolls of immolation {unknown}
 k - a scroll of enchant weapon {unknown}
Potions
 e - a potion of brilliance {unknown}
 f - a potion of invisibility {unknown}
 h - a potion of lignification {unknown}
 i - a potion of resistance {unknown}


   Skills:
 + Level 1.1 Fighting
 - Level 1.0 Stealth
 + Level 1.5 Spellcasting
 * Level 3.4 Summonings
 - Level 3.0 Translocations
 - Level 1.0 Transmutations
 - Level 1.0 Evocations


You had 2 spell levels left.
You knew the following spells:

 Your Spells              Type           Power      Damage    Failure   Level
b - Blink                 Tloc           N/A        N/A       11%         2
r - Summon Small Mammal   Summ           44%        N/A       5%          1

Your spell library contained the following spells:

 Spells                   Type           Power      Damage    Failure   Level
 Gell's Gravitas          Tloc           5%         N/A       21%         3
 Lesser Beckoning         Tloc           5%         N/A       21%         3
 Teleport Other           Tloc           10%        N/A       21%         3
 Summon Guardian Golem    Hex/Summ       6%         N/A       34%         3
 Manifold Assault         Tloc           10%        N/A       88%         5


Dungeon Overview and Level Annotations

Branches:
Dungeon (2/15)

Altars:


Innate Abilities, Weirdness & Mutations

You are partially covered in slimy green scales. (AC +2)
You may rarely emit foul miasma when damaged in melee.


Message History

The hobgoblin dies!
What are your orders? t - Shout!
Orders for allies: a - Attack new target. r - Retreat! s - Stop attacking. g - Guard the area. f - Follow me.
Anything else - Cancel.
Gang up on whom?
Press: ? - help, Dir - move target, f - kobold
Aim: a kobold, wielding a +3 short sword of venom (ally target) Attack!
Unknown command.
Your bat closely misses the kobold.
Unknown command.
Casting: Summon Small Mammal (safe; 5% risk of failure)
Confirm with . or Enter, or press ? or * to list all spells.
Your bat hits the kobold.
Unknown command.
Your bat barely misses the kobold.
Your bat misses the kobold.
Unknown command.
You closely miss the kobold.
Your bat disappears in a puff of smoke!
The kobold hits you with a +3 short sword of venom!
You are poisoned.
Unknown command.
You hit the kobold but do no damage.
You feel very sick.
The kobold hits you with a +3 short sword of venom.
Your rat bites the kobold.
Unknown command.
You feel sick.
The kobold hits you with a +3 short sword of venom.
* * * LOW HITPOINT WARNING * * *
You are more poisoned.
Your rat barely misses the kobold.
Unknown command.
* * * LOW HITPOINT WARNING * * *
You feel very sick.
Okay, then.
You die...

≈≈≈≈≈≈≈..≈≈≈≈≈≈≈
≈≈≈≈≈≈≈..≈†≈≈≈≈≈##########
#≈≈≈≈≈≈..≈≈≈≈≈≈##........##
##≈≈≈≈≈..≈≈≈≈≈###.##......#
##≈≈≈≈..≈≈≈≈## #.##......#
##≈≈≈..≈≈≈## #.##......#
####'"#### #.##......##
#br########.##.#.....#
#.rK.@†.....##.#.#....
###########.##.#.#.#.#
#.##.#.#.#.# #.##.#.#.#.#
#.##.#.#.#.# #.#....#.#.#
#.######.#.# #........#..
############


You could see a kobold (ally target), a friendly bat (summoned) and 2 friendly
rats.

Vanquished Creatures
  2 ball pythons
  2 bats (D:1)
  A giant cockroach (D:1)
  2 hobgoblins (D:1)
  A jackal (D:1)
  A kobold (D:1)
  A frilled lizard (D:1)
  2 goblins
  A rat (D:1)
13 creatures vanquished.

Vanquished Creatures (collateral kills)
  A gnoll (D:1)
  A ball python (D:2)
  3 endoplasms (D:2)
  5 goblins
  5 hobgoblins
  4 jackals
  A bat (D:2)
20 creatures vanquished.

Vanquished Creatures (others)
  A fungus (D:2)
  2 plants (D:2)
3 creatures vanquished.

Grand Total: 36 creatures vanquished

Notes
Turn   | Place    | Note
-------+----------+-------------------------------------------
     0 | D:1      | RepoMan the Demonspawn Wanderer began the quest for the
                  | Orb.
     0 | D:1      | RepoMan set off with the following items: a +0 club, a +0
                  | robe; and the following spell memorised: Summon Small
                  | Mammal; and the following spells available to memorise:
                  | Blink, Gell's Gravitas, Lesser Beckoning, Teleport Other,
                  | Summon Guardian Golem, Manifold Assault
     0 | D:1      | Reached XP level 1. HP: 13/13 MP: 2/2
   381 | D:1      | Gained mutation: You are partially covered in slimy green
                  | scales. (AC +2) [demonic ancestry]
   381 | D:1      | Reached XP level 2. HP: 17/20 MP: 0/3
   525 | D:1      | Learned a level 2 spell: Blink
  1077 | D:1      | Reached skill level 1 in Fighting
  1970 | D:2      | Gained mutation: You may rarely emit foul miasma when
                  | damaged in melee. [demonic ancestry]
  1970 | D:2      | Reached XP level 3. HP: 12/26 MP: 1/5
  2324 | D:2      | Succumbed to a kobold's poison

Illustrated notes

Levels and vault maps discovered:
D:1:      ncdulo_wetmaze, layout_basic
D:2:      kennysheep_big_flooded_room, layout_basic,
          shapermc_ecumenical_altar_petra, minmay_vboxes, uniq_sigmund

Skill      XL: |  1  2 |
---------------+-------+-----
Fighting       | 1 |  1.1
Translocations | 3 |  3.0
Stealth        | |  1.0
Spellcasting   | |  1.5
Summonings     | |  3.4
Transmutations | |  1.0
Evocations     | |  1.0

Action                   || total
-------------------------++-------
Melee: Club              ||    16
       Dagger            ||    55
 Cast: Summon Small Mamm ||    51
 Stab: Sleeping          ||     2
Armor: Robe              ||    19
Dodge: Dodged            ||    49
